 Dungeon Crawl Stone Soup version 0.23.2 (webtiles) character file.

Game seed: 12927913367302743916

1276 Borgoz the Sneak (level 8, -4/63 (66) HPs)
             Began as a Ghoul Assassin on Apr 4, 2019.
             Slain by Dowan
             ... wielding a +1 dagger of speed
              (7 damage)
             ... on level 5 of the Dungeon.
             The game lasted 00:08:28 (3762 turns).

Borgoz the Sneak (Ghoul Assassin)                   Turns: 3762, Time: 00:08:29

HP:   -4/63 (66)    AC:  3    Str: 13 (15) XL:     8   Next: 54%
MP:   7/7           EV: 13    Int:  4 (7)  God:
Gold: 254           SH:  0    Dex:  8 (11) Spells: 7/7 levels left

rFire    . . .     SeeInvis .   a - +2 dagger (venom)
rCold    + + .     Gourm    .   (no shield)
rNeg     + + +     Faith    .   c - +0 robe
rPois    ∞         Spirit   .   (no helmet)
rElec    .         Reflect  .   d - +0 cloak
rCorr    .         Harm     .   (no gloves)
MR       .....                  (no boots)
Stlth    +++.......             (no amulet)
HPRegen  0.00/turn              m - ring of ice
MPRegen  0.10/turn              t - ring of protection from fire

@: rotting
A: rotting body, claws 1, carnivore, cold resistance 1, negative energy
resistance 3, inhibited regeneration, torment resistance, unbreathing
a: no special abilities


You were on level 5 of the Dungeon.
You were not hungry.

You visited 1 branch of the dungeon, and saw 5 of its levels.

You collected 254 gold pieces.

Inventory:

Hand Weapons
 a - a +2 dagger of venom (weapon)
 b - a +0 blowgun
Missiles
 e - 17 poisoned needles
 f - 2 curare-tipped needles
Armour
 c - a +0 robe (worn)
 d - a +0 cloak (worn)
 r - a cursed +0 leather armour
Jewellery
 h - an uncursed ring of wizardry
 m - a ring of ice (left claw)
 o - an uncursed ring of flight
 t - a ring of protection from fire (right claw)
Wands
 q - a wand of enslavement (6)
 u - a wand of polymorph (12)
 w - a wand of flame (21)
Scrolls
 i - a scroll of identify {unknown}
 k - a scroll of noise {unknown}
 l - a scroll of remove curse {unknown}
 p - a scroll of magic mapping {unknown}
 s - a scroll of fear {unknown}
Comestibles
 g - 11 rations


   Skills:
 + Level 4.3 Fighting
 * Level 4.8 Short Blades
 - Level 1.7 Throwing
 * Level 4.4 Armour
 * Level 4.5 Dodging
 + Level 6.1 Stealth


You had 7 spell levels left.
You didn't know any spells.
Your spell library was empty.

Dungeon Overview and Level Annotations

Branches:
Dungeon (5/15)
 Temple: D:4-7

Altars:
Elyvilon
Gozag
Makhleb
Ru
Trog
Yredelemnul
Zin

Annotations:
D:5 Dowan


Innate Abilities, Weirdness & Mutations

Your body is rotting away.
You thrive on raw meat.
You are immune to poison.
You have sharp fingernails.
You are carnivorous and can eat meat at any time.
Your flesh is cold resistant. (rC+)
You are immune to negative energy. (rN+++)
You do not regenerate when monsters are visible.
You are immune to unholy pain and torment.
You can survive without breathing.


Message History

* * * LOW HITPOINT WARNING * * *
You hit Dowan.
Dowan is poisoned.
Dowan is lightly wounded.
Dowan misses you. Dowan barely misses you.
You barely miss Dowan.
Dowan is lightly wounded.
Dowan hits you but does no damage.
You closely miss Dowan.
Dowan is moderately wounded.
Dowan says, "How can I live without her?"
Dowan hits you with a +1 dagger of speed.
* * * LOW HITPOINT WARNING * * *
Dowan hits you with a +1 dagger of speed.
* * * LOW HITPOINT WARNING * * *
Okay, then.
You aren't carrying any potions.
You hit Dowan.
Dowan looks even sicker.
Dowan is moderately wounded.
Dowan hits you with a +1 dagger of speed!
You die...

.≈≈≈≈≈≈≈≈..............#..
≈≈≈≈§≈§§≈≈...............#
≈≈≈≈≈§§≈≈≈≈..).........#..
≈≈≈≈≈≈≈§§≈≈≈.............#
≈≈≈≈≈≈≈≈≈≈≈≈≈.....).......
...≈≈≈≈≈≈≈≈≈≈.....#.......
....≈≈≈≈≈≈≈.......#.......
....≈≈........##e##..e....
.....≈≈...... #@# .......
.....≈...... #.# .......
......##.). #.# .......
......## . #.# ##...$.
.......# #.#
######.#########.#
#>..........#
#############


You could see Dowan.

Vanquished Creatures
  Pikel (D:5)
  Duvessa (D:5)
  2 ogres
  A centaur (D:5)
  Blork the orc (D:5)
  A howler monkey (D:4)
  2 hounds (D:4)
  2 centaur skeletons (D:4)
  An iguana (D:4)
  4 gnolls
  A howler monkey skeleton (D:4)
  8 adders
  A shadow imp (D:5)
  An ooze (D:2)
  3 worms
  4 dart slugs
  A leopard gecko (D:3)
  4 orcs (D:3)
  5 giant cockroaches
  9 goblins
  8 hobgoblins
  9 jackals
  7 kobolds
  2 quokkas (D:3)
  11 bats
  2 frilled lizards
  7 rats
99 creatures vanquished.

Vanquished Creatures (others)
  A giant cockroach zombie (D:5)
1 creature vanquished.

Grand Total: 100 creatures vanquished

Notes
Turn   | Place    | Note
-------+----------+-------------------------------------------
     0 | D:1      | Borgoz the Ghoul Assassin began the quest for the Orb.
     0 | D:1      | Reached XP level 1. HP: 17/17 MP: 0/0
    51 | D:1      | Reached skill level 1 in Dodging
    65 | D:1      | Reached XP level 2. HP: 21/24 MP: 1/1
   142 | D:1      | Reached skill level 1 in Armour
   298 | D:1      | Reached XP level 3. HP: 5/29 MP: 2/2
   939 | D:2      | Found a basalt altar of Yredelemnul.
  1067 | D:2      | Reached XP level 4. HP: 37/37 MP: 3/3
  1188 | D:2      | Found a faded altar of an unknown god.
  1348 | D:2      | Found a white marble altar of Elyvilon.
  1871 | D:3      | Reached XP level 5. HP: 27/42 MP: 4/4
  2151 | D:3      | Found an opulent altar of Gozag.
  2251 | D:4      | Found a bloodstained altar of Trog.
  2269 | D:4      | Noticed an ogre
  2275 | D:4      | Reached skill level 5 in Stealth
  2285 | D:4      | Killed an ogre
  2285 | D:4      | Reached XP level 6. HP: 10/51 MP: 5/5
  2547 | D:4      | Found a sacrificial altar of Ru.
  2594 | D:4      | Found a white marble altar of Elyvilon.
  3047 | D:4      | Found a burning altar of Makhleb.
  3050 | D:4      | Reached XP level 7. HP: 57/57 MP: 6/6
  3409 | D:5      | Entered Level 5 of the Dungeon
  3452 | D:5      | Noticed Pikel
  3460 | D:5      | Killed Pikel
  3460 | D:5      | Reached XP level 8. HP: 44/66 MP: 7/7
  3529 | D:5      | Noticed Blork the orc
  3540 | D:5      | Killed Blork the orc
  3552 | D:5      | Found a glowing silver altar of Zin.
  3615 | D:5      | Reached skill level 6 in Stealth
  3716 | D:5      | Noticed Dowan
  3717 | D:5      | Noticed Duvessa
  3735 | D:5      | Killed Duvessa
  3761 | D:5      | HP: 3/63 [Dowan/+1 dagger of speed (5)]
  3762 | D:5      | Slain by Dowan

Skill      XL: |  1  2  3  4  5  6  7  8 |
---------------+-------------------------+-----
Dodging        | 1 2 3 4 |  4.5
Short Blades   | 2 3 4 |  4.8
Armour         | 1 2 3 4 |  4.4
Stealth        | 5 6 |  6.1
Fighting       | 3 4 |  4.3
Throwing       | |  1.7

Action                   |  1- 3 |  4- 6 |  7- 9 || total
-------------------------+-------+-------+-------++-------
Melee: Dagger            |   124 |   186 |    72 ||   382
 Fire: Blowgun           |       |     2 |       ||     2
  Use: Potion            |     1 |    10 |     2 ||    13
 Stab: Sleeping          |     3 |    11 |     2 ||    16
       Distracted        |       |     1 |       ||     1
       Invisible         |       |     2 |       ||     2
  Eat: Chunk             |     8 |    19 |       ||    27
Armor: Robe              |    35 |    27 |     8 ||    70
Dodge: Dodged            |    75 |   121 |    37 ||   233
